[Event "Team 45 45 League T36"]
[Site "Internet Chess Club"]
[Date "2008.03.14"]
[Round "8"]
[White "elnik"]
[Black "SuperPeon"]
[Result "1-0"]
[WhiteElo "1925"]
[BlackElo "2028"]
[Opening "King's Indian: orthodox, Aronin-Taimanov, bayonet attack"]
[ECO "E97"]
[Time "19:01:00"]
[TimeControl "2700+45"]

1. d4 Nf6 2. c4 d6 3. Nf3 g6 4. Nc3 Bg7 5. e4 O-O 6. Be2 e5 7. O-O Nc6 8. d5 Ne7
9. b4 Nh5 10. Re1 Nf4 11. Bf1 f5 12. Nd2 g5 13. g3 Nfg6 14. c5 h6 15. Ba3 a6 16.
Nc4 dxc5 17. bxc5 fxe4 18. d6 Nc6 19. Nd5 cxd6 20. cxd6 Bf5 21. Ncb6 Nd4 22. Bg2
Nf3+ 23. Bxf3 exf3 24. Ne7+ Kh7 25. Nxa8 Qxa8 26. Rc1 Nxe7 27. dxe7 Re8 28. Qd5
Bg6 29. Rc7 b5 30. Qxa8 Rxa8 31. Rd1 b4 32. Bb2 Re8 33. Rd8 Bf6 34. Rxe8 Bxe8
35. Rc8 Bd7 36. e8=Q {Black resigns} 1-0

[Event "Team 45 45 League T36"]
[Site "Internet Chess Club"]
[Date "2008.03.17"]
[Round "8"]
[White "Atwode"]
[Black "azbycx"]
[Result "1-0"]
[WhiteElo "1907"]
[BlackElo "1866"]
[Opening "QGD Slav: 3.Nf3"]
[ECO "D11"]
[Time "20:13:47"]
[TimeControl "2700+45"]

1. Nf3 d5 2. c4 c6 3. d4 Nf6 4. Qc2 g6 5. Bg5 Bg7 6. e3 Bf5 7. Qb3 b6 8. Nc3 e6
9. Ne5 O-O 10. g4 Be4 11. f3 dxc4 12. Bxc4 Bd5 13. e4 Bxc4 14. Qxc4 Qc8 15. O-O
Nfd7 16. Nxd7 Nxd7 17. Rfd1 c5 18. d5 Bd4+ 19. Kg2 e5 20. Nb5 a6 21. Nxd4 cxd4
22. Rac1 Nc5 23. b4 Na4 24. Qb3 Nc3 25. Bd2 Qd7 26. Bxc3 dxc3 27. Rxc3 Rfc8 28.
Rdc1 b5 29. Qc2 Rxc3 30. Qxc3 Kf8 31. Qc5+ Ke8 32. g5 Ra7 33. Qc8+ Qd8 34. Qxd8+
Kxd8 35. Rc5 Kd7 36. a3 Kd6 37. Kg3 Ra8 38. f4 Ra7 39. Rc6+ Kd7 40. fxe5 a5 41.
Rd6+ Ke7 42. Rb6 axb4 43. axb4 Ra3+ 44. Kf4 Rh3 45. Rxb5 Rh4+ 46. Kf3 Rxh2 47.
Rb7+ Ke8 48. b5 Rh3+ 49. Kg4 Rb3 50. b6 Rb4 51. Kf4 Rb1 52. e6 fxe6 53. d6 Rb5
54. Re7+ Kd8 55. b7 e5+ 56. Kg4 Rb4 57. Rxh7 Rxe4+ 58. Kf3 {Black resigns} 1-0

[Event "Team 45 45 League T36"]
[Site "Internet Chess Club"]
[Date "2008.03.17"]
[Round "8"]
[White "deathmage"]
[Black "PaulKaspar"]
[Result "1/2-1/2"]
[WhiteElo "1700"]
[BlackElo "1881"]
[Opening "Caro-Kann: closed (Breyer) variation"]
[ECO "B10"]
[Time "14:22:22"]
[TimeControl "2700+45"]

1. e4 c6 2. d3 d5 3. Nd2 e5 4. Ngf3 Bd6 5. g3 Nf6 6. Bg2 O-O 7. O-O Bg4 8. h3
Be6 9. Re1 Nbd7 10. a3 h6 11. b3 Qb6 12. Bb2 dxe4 13. dxe4 Bc5 14. Re2 Rfe8 15.
Nxe5 Nxe5 16. Bxe5 Nd7 17. Bb2 Rad8 18. Qe1 Bd4 19. Bxd4 Qxd4 20. Nf3 Qb6 21.
Rd1 Nf6 22. Red2 Rxd2 23. Rxd2 Bd5 24. Re2 Rxe4 25. Nd2 Rxe2 26. Qxe2 Be6 27.
Qd3 Qc5 28. b4 Qe5 29. Nf1 Qc7 30. Ne3 b6 31. c4 c5 32. f4 cxb4 33. axb4 a5 34.
bxa5 bxa5 35. Qd4 a4 36. Nc2 Nd7 37. Na3 Nb6 38. c5 Nc8 39. Qxa4 Qxc5+ 40. Kh2
Nb6 {Game drawn by mutual agreement} 1/2-1/2

[Event "Team 45 45 League T36"]
[Site "Internet Chess Club"]
[Date "2008.03.16"]
[Round "8"]
[White "badmove"]
[Black "Budzo"]
[Result "1/2-1/2"]
[WhiteElo "1659"]
[BlackElo "1772"]
[Opening "Bird's opening: Lasker variation"]
[ECO "A03"]
[Time "13:01:25"]
[TimeControl "2700+45"]

1. f4 d5 2. Nf3 Nf6 3. e3 c5 4. Be2 g6 5. d3 Bg7 6. O-O O-O 7. Nc3 Nc6 8. e4
dxe4 9. dxe4 e6 10. Qe1 Nd4 11. Nxd4 Qxd4+ 12. Qf2 Nxe4 13. Nxe4 Qxe4 14. c3 Qc6
15. Be3 c4 16. Bxa7 Bd7 17. Be3 Rac8 18. Bf3 Qc7 19. Bd4 Bxd4 20. Qxd4 Rfd8 21.
Qe3 Bc6 22. Bxc6 Qxc6 23. Rfd1 Rd6 24. Rxd6 Qxd6 25. Qd4 Qxd4+ 26. cxd4 Rd8 27.
Rd1 b5 28. Kf2 Kf8 29. Ke3 Ke7 30. Rc1 Rc8 31. a3 Ra8 32. Kd2 Kd6 33. Kc3 Kd5
34. Re1 Ra7 35. Re5+ Kc6 36. Rc5+ Kb6 37. Rc8 h5 38. Rb8+ Kc6 {Game drawn by
mutual agreement} 1/2-1/2

[Event "Team 45 45 League T36"]
[Site "Internet Chess Club"]
[Date "2008.03.17"]
[Round "8"]
[White "Cryptochess"]
[Black "BHogan"]
[Result "1/2-1/2"]
[WhiteElo "1807"]
[BlackElo "1643"]
[Opening "French: exchange variation"]
[ECO "C01"]
[Time "20:00:13"]
[TimeControl "2700+45"]

1. e4 e6 2. d4 d5 3. exd5 exd5 4. c4 Nf6 5. Nc3 Nc6 6. Nf3 Bg4 7. Be3 Be7 8. Be2
O-O 9. O-O dxc4 10. Bxc4 Qd6 11. Nb5 Qd7 12. d5 Na5 13. b3 Ne4 14. Ne5 Bxd1 15.
Nxd7 Rfd8 16. Raxd1 Rxd7 17. f3 Nxc4 18. bxc4 Bc5 19. fxe4 Bxe3+ 20. Kh1 Bc5 21.
h3 h6 22. Nc3 Re8 23. Rf4 Bd6 24. Rf2 Bb4 25. Nb5 Rxe4 26. Rc2 Bc5 27. Rd3 a6
28. Na3 Re1+ 29. Kh2 Bd6+ 30. g3 Ree7 31. c5 Be5 32. Nc4 Bf6 33. Rcd2 Re4 34.
Na5 b6 35. c6 Rde7 36. Nb7 Re2+ 37. Kg1 Re1+ 38. Kf2 Rh1 39. Kg2 Rhe1 40. Kf2
Rh1 41. Kg2 Rhe1 42. d6 cxd6 43. Rxd6 Rc1 44. Rd8+ Kh7 45. Rc8 Be5 46. Rd7 Rc2+
47. Kf3 Re6 {Game drawn by mutual agreement} 1/2-1/2

[Event "Team 45 45 League T36"]
[Site "Internet Chess Club"]
[Date "2008.03.14"]
[Round "8"]
[White "SATELLITE-DAN"]
[Black "smsxman"]
[Result "1-0"]
[WhiteElo "1679"]
[BlackElo "1535"]
[Opening "QGD: Marshall defense"]
[ECO "A50"]
[Time "12:00:54"]
[TimeControl "2700+45"]

1. d4 Nf6 2. c4 d5 3. cxd5 Nxd5 4. e4 Nf6 5. Nc3 e6 6. Nf3 Bb4 7. Bd3 O-O 8. a3
Bxc3+ 9. bxc3 Nc6 10. O-O Re8 11. e5 Nd5 12. Qc2 g6 13. Bg5 Qd7 14. h4 Nde7 15.
h5 Nf5 16. g4 Qd5 17. Be4 Ncxd4 18. cxd4 Nxd4 19. Nxd4 Qxd4 20. Bf6 c6 21. Rad1
Qb6 22. Rd3 a5 23. hxg6 fxg6 24. Rh3 Qc7 25. Bxg6 Re7 26. Bxe7 {Black resigns}
1-0

[Event "Team 45 45 League T36"]
[Site "Internet Chess Club"]
[Date "2008.03.17"]
[Round "8"]
[White "chicopee-ed"]
[Black "nanning"]
[Result "0-1"]
[WhiteElo "1493"]
[BlackElo "1640"]
[Opening "Dunst (Sleipner, Heinrichsen) opening"]
[ECO "D00"]
[Time "15:01:09"]
[TimeControl "2700+45"]

1. Nc3 Nf6 2. d4 d5 3. Bf4 Nh5 4. Bd2 Bf5 5. e4 Bxe4 6. Qxh5 g6 7. Qd1 Bg7 8.
Nxe4 dxe4 9. c3 e5 10. Be3 O-O 11. Bc4 Nd7 12. Ne2 Kh8 13. O-O Qe7 14. Qd2 Nb6
15. Bb3 Rad8 16. Bh6 exd4 17. Bxg7+ Kxg7 18. cxd4 c5 19. Qc3 c4 20. Bc2 Kg8 21.
Rfe1 f5 22. Ng3 Qc7 23. Rac1 Nd5 24. Qa3 b6 25. Bb3 b5 26. Bd1 Nf4 27. Be2 Rxd4
28. Nf1 Nd3 29. Bxd3 exd3 30. Qc3 Rfd8 31. Nd2 Qd6 32. Nf3 d2 33. Nxd2 Rxd2 34.
g3 Qb6 35. Re8+ Rxe8 36. Qxd2 Rd8 37. Qe2 Qf6 38. Rc2 a5 39. Kg2 Qc6+ 40. Kh3
Re8 41. Qd2 Qe6 42. Qxa5 f4+ 43. g4 h5 44. f3 hxg4+ 45. fxg4 Qe3+ 46. Kh4 g5+
47. Kh5 Qh3+ 48. Kg6 Qh7+ 49. Kf6 Qg7+ 50. Kf5 Re5# {White checkmated} 0-1

[Event "Team 45 45 League T36"]
[Site "Internet Chess Club"]
[Date "2008.03.16"]
[Round "8"]
[White "b-spot"]
[Black "touchthis"]
[Result "1-0"]
[WhiteElo "1730"]
[BlackElo "1764"]
[Opening "QGD: Cambridge Springs defense, Bogolyubov variation"]
[ECO "D52"]
[Time "15:00:48"]
[TimeControl "2700+45"]

1. d4 d5 2. c4 c6 3. Nf3 Nf6 4. Nc3 e6 5. Bg5 Nbd7 6. e3 Qa5 7. Nd2 Bb4 8. Qc2
O-O 9. Be2 e5 10. O-O exd4 11. Nb3 Qc7 12. Nxd4 Bxc3 13. bxc3 Ne4 14. Bf4 Qa5
15. cxd5 cxd5 16. Rfc1 Ndc5 17. c4 dxc4 18. Qxc4 Bd7 19. f3 Rac8 20. fxe4 Nxe4
21. Qd3 Nc5 22. Qd1 Qb6 23. Nb3 Ba4 24. Rab1 Rfd8 25. Qf1 Bxb3 26. axb3 Nxb3 27.
Rxc8 Rxc8 28. Qd1 Rc3 29. Kh1 a5 30. h3 a4 31. Qd7 h6 32. Qxa4 Qe6 33. Qa8+ Kh7
34. Qxb7 g5 35. Bg4 Qc4 36. Bf5+ Kg8 37. Qb8+ Kg7 38. Be5+ {Black resigns} 1-0

[Event "Team 45 45 League T36"]
[Site "Internet Chess Club"]
[Date "2008.03.16"]
[Round "8"]
[White "sean98"]
[Black "tammany"]
[Result "1/2-1/2"]
[WhiteElo "1640"]
[BlackElo "1637"]
[Opening "Alekhine's defense: four pawns attack, 7.Be3"]
[ECO "B02"]
[Time "16:04:17"]
[TimeControl "2700+45"]

1. e4 Nf6 2. e5 Nd5 3. c4 Nb6 4. d4 d6 5. f4 dxe5 6. fxe5 Nc6 7. Be3 g6 8. h3
Bg7 9. Nf3 O-O 10. Be2 f6 11. exf6 exf6 12. O-O Qe7 13. Bf2 Bd7 14. Re1 Qf7 15.
Na3 Na5 16. b3 Qe7 17. Nc2 Bf5 18. Bd3 Qd7 19. Be2 Rfe8 20. Ne3 Be4 21. Qd2 Nc6
22. d5 Bxf3 23. Bxf3 Ne5 24. Bd1 Nc8 25. Re2 Nd6 26. Bc2 f5 27. Rae1 Bh6 28. Qc3
Bg7 29. Qd2 f4 30. Nf1 f3 31. Re3 Bh6 32. Nh2 fxg2 {Game drawn by mutual
agreement} 1/2-1/2

[Event "Team 45 45 League T36"]
[Site "Internet Chess Club"]
[Date "2008.03.16"]
[Round "8"]
[White "dougmo"]
[Black "oldsj"]
[Result "1-0"]
[WhiteElo "1580"]
[BlackElo "1490"]
[Opening "Scotch gambit: Dubois-Réti defense"]
[ECO "C55"]
[Time "14:03:44"]
[TimeControl "2700+45"]

1. e4 e5 2. Nf3 Nc6 3. d4 exd4 4. Bc4 Nf6 5. e5 d5 6. Bb5 Ne4 7. Nxd4 Bc5 8. Be3
Bd7 9. Bxc6 bxc6 10. Nd2 Nxd2 11. Qxd2 Bb6 12. Nb3 Qe7 13. Qc3 O-O 14. O-O Rfe8
15. f4 Rab8 16. Rae1 c5 17. Bxc5 Bb5 18. Rf2 Bxc5 19. Nxc5 Bc4 20. Nd3 Rb6 21.
f5 Bxd3 22. cxd3 Rh6 23. Rf4 Qg5 24. Ref1 Qh5 25. h3 Qe2 26. d4 Qa6 27. a3 Qc8
28. Qc5 g5 29. Rg4 Rh5 30. Qxd5 Qb8 31. e6 fxe6 32. fxe6 Re7 33. Rxg5+ Rxg5 34.
Qxg5+ Rg7 35. Qd5 Re7 36. Rf7 Rxf7 37. exf7+ Kf8 38. Qd7 {Black resigns} 1-0

[Event "Team 45 45 League T36"]
[Site "Internet Chess Club"]
[Date "2008.03.15"]
[Round "8"]
[White "kingphisch"]
[Black "werty"]
[Result "1-0"]
[WhiteElo "1446"]
[BlackElo "1443"]
[Opening "French: Steinitz, Boleslavsky variation"]
[ECO "C11"]
[Time "12:05:03"]
[TimeControl "2700+45"]

1. e4 e6 2. d4 d5 3. Nc3 Nf6 4. e5 Nfd7 5. f4 c5 6. Nf3 Nc6 7. Be3 a6 8. Bd3
cxd4 9. Nxd4 Nxd4 10. Bxd4 Be7 11. O-O Bc5 12. Bxc5 Nxc5 13. Kh1 Bd7 14. Qg4 g6
15. Qg3 Qe7 16. Ne2 Rc8 17. Nd4 O-O 18. Rab1 f6 19. h4 fxe5 20. fxe5 Rxf1+ 21.
Rxf1 Rf8 22. Rxf8+ Kxf8 23. Nf3 Be8 24. Ng5 Nd7 25. Qf4+ Kg7 26. Nf3 Nc5 27. g4
Qf7 28. Qxf7+ Kxf7 29. Ng5+ Kg7 30. Nf3 Bc6 31. Nd4 Kf7 32. Kh2 Nd7 33. Kg3 Nxe5
34. Kf4 Nd7 35. Nf3 h6 36. g5 h5 37. Ne5+ Nxe5 38. Kxe5 Bd7 39. c4 Bc6 40. cxd5
Bxd5 41. a3 Bb3 42. Be4 b5 43. Kd6 a5 44. Kc5 Bc4 45. Bc6 a4 46. Bxb5 Bxb5 47.
Kxb5 e5 48. Kxa4 Ke6 49. Kb4 Kf5 50. a4 e4 51. Kc3 Kf4 52. Kd2 Kg4 53. a5 Kxh4
54. a6 Kg3 55. a7 h4 {Black resigns} 1-0

[Event "Team 45 45 League T36"]
[Site "Internet Chess Club"]
[Date "2008.03.15"]
[Round "8"]
[White "parrot9"]
[Black "bmw2002"]
[Result "1-0"]
[WhiteElo "1710"]
[BlackElo "1660"]
[Opening "French: Tarrasch, closed variation"]
[ECO "C05"]
[Time "10:16:17"]
[TimeControl "2700+45"]

1. e4 e6 2. d4 d5 3. Nd2 Nf6 4. exd5 Nxd5 5. Ngf3 c5 6. c3 Bd7 7. Nb3 cxd4 8.
Nbxd4 a6 9. Bd3 Nc6 10. O-O Bc5 11. Nb3 Be7 12. Re1 Nf6 13. h3 O-O 14. Bf4 Nh5
15. Be3 Qc7 16. Bxh7+ Kxh7 17. Ng5+ Kg6 18. Nxf7 Ne5 19. Nxe5+ Qxe5 20. Qxd7 Bd6
21. f4 Nxf4 22. Bxf4 Qxf4 23. Qxe6+ Kh7 24. Qe4+ Kh6 25. Qxf4+ Rxf4 26. Re6+ Rf6
27. Rxf6+ gxf6 28. Re1 Be5 29. Nc5 b6 30. Nd7 Re8 31. Nxe5 fxe5 32. Kf2 Kg5 33.
Re4 Kf5 34. Ke3 Rd8 35. Rc4 b5 36. g4+ Kg5 37. Rc6 Rd1 38. Rxa6 Rh1 39. Rb6
Rxh3+ 40. Ke4 Rh2 41. Rxb5 Re2+ 42. Kd3 Re1 43. Rb4 Ra1 44. a4 Kh4 45. b3 Kg3
46. Ke4 Re1+ 47. Kf5 Kf3 48. a5 e4 49. a6 e3 50. a7 Ra1 51. Ra4 Rxa4 52. bxa4 e2
53. a8=Q+ Ke3 54. Qe8+ Kd2 55. Qxe2+ Kxe2 56. a5 {Black resigns} 1-0

[Event "Team 45 45 League T36"]
[Site "Internet Chess Club"]
[Date "2008.03.16"]
[Round "8"]
[White "Luckydawg"]
[Black "Mikey29a"]
[Result "1-0"]
[WhiteElo "1689"]
[BlackElo "1675"]
[Opening "English, 1...Nf6 (Anglo-Indian defense)"]
[ECO "A15"]
[Time "21:37:55"]
[TimeControl "2700+45"]

1. c4 Nf6 2. g3 g6 3. Bg2 Bg7 4. Nc3 O-O 5. d3 d6 6. Bg5 h6 7. Bd2 e5 8. e4 Be6
9. Nge2 Nc6 10. O-O Nd7 11. f4 f5 12. Nd5 Bxd5 13. cxd5 Ne7 14. Rc1 Rc8 15. Be3
b6 16. Qd2 Kh7 17. Rc2 c5 18. dxc6 Rxc6 19. Rxc6 Nxc6 20. exf5 Ne7 21. fxg6+
Kxg6 22. Be4+ Kh5 23. g4+ Kxg4 24. h3+ Kxh3 25. Qe1 a6 26. Qg3# {Black
checkmated} 1-0

[Event "Team 45 45 League T36"]
[Site "Internet Chess Club"]
[Date "2008.03.15"]
[Round "8"]
[White "Invicta-Knight"]
[Black "Mantra"]
[Result "1/2-1/2"]
[WhiteElo "1531"]
[BlackElo "1562"]
[Opening "French: advance, Milner-Barry gambit"]
[ECO "C02"]
[Time "14:33:13"]
[TimeControl "2700+45"]

1. e4 e6 2. d4 d5 3. e5 c5 4. c3 Nc6 5. Nf3 Qb6 6. Bd3 Bd7 7. O-O cxd4 8. cxd4
Nxd4 9. Nxd4 Qxd4 10. Qe2 Ne7 11. Nc3 a6 12. Kh1 Nc6 13. f4 Qb6 14. a3 Rc8 15.
Be3 Qd8 16. Bf2 Na5 17. Qg4 Nc4 18. Bxc4 Rxc4 19. Bh4 Qb6 20. Rab1 Rg8 21. Qh3
h6 22. Qd3 g6 23. b3 Rc8 24. a4 Bb4 25. Ne2 Be7 26. Bf2 Bc5 27. Bxc5 Rxc5 28.
Qh3 h5 29. Rfc1 Rxc1+ 30. Rxc1 Bc6 31. Qc3 Ke7 32. a5 Qf2 33. Qb4+ Kd7 34. Qd6+
Ke8 35. Rxc6 bxc6 36. Qxc6+ Kf8 37. Ng1 Qxf4 38. Nf3 Kg7 39. Qxa6 g5 40. Qe2 Qe4
41. Qd2 Qf4 42. Qe2 Rc8 43. a6 Rc1+ 44. Ng1 Qf1 45. Qe3 Re1 46. Qxg5+ Kf8 47.
Qd8+ Kg7 48. Qg5+ Kh7 49. Qxh5+ Kg7 50. Qg5+ Kh7 51. Qh5+ Kg8 52. Qg5+ Kf8 53.
Qd8+ Kg7 {Game drawn by mutual agreement} 1/2-1/2

[Event "Team 45 45 League T36"]
[Site "Internet Chess Club"]
[Date "2008.03.16"]
[Round "8"]
[White "AlPearson"]
[Black "OldBoy"]
[Result "1/2-1/2"]
[WhiteElo "1424"]
[BlackElo "1560"]
[Opening "English: four knights, kingside fianchetto"]
[ECO "A29"]
[Time "09:58:10"]
[TimeControl "2700+45"]

1. c4 e5 2. Nc3 Nf6 3. Nf3 Nc6 4. g3 d6 5. Bg2 Be7 6. O-O O-O 7. a3 Rb8 8. b4
Be6 9. d3 a6 10. h3 h6 11. Kh2 e4 12. Nd2 exd3 13. exd3 d5 14. Nf3 dxc4 15. dxc4
Bxc4 16. Re1 Qxd1 17. Rxd1 Bd6 18. Bb2 Rfe8 19. Rac1 b5 20. Nd2 Ne5 21. Nxc4
Nxc4 22. Rc2 Nxb2 23. Rxb2 Be5 24. Rc2 Bd6 25. Bc6 Re5 26. Kg2 Rb6 27. Bf3 Be7
28. Nb1 Rd6 29. Rdc1 Bd8 30. Nd2 Rd3 31. Nb1 Ne4 32. Re1 f5 33. Rce2 Bf6 34. g4
Ng5 35. Bb7 fxg4 36. hxg4 Rxe2 37. Rxe2 Rb3 38. Re1 Kf8 39. Bxa6 c6 40. Bb7 Bb2
41. Bxc6 Bxa3 42. Nxa3 Rxa3 43. Rb1 Ne6 44. Bxb5 Nf4+ 45. Kf1 Rh3 46. Bc6 h5 47.
gxh5 Rxh5 48. b5 Nd3 49. Ke2 Nc5 50. b6 Re5+ 51. Kf3 Na6 52. Kf4 Re6 53. Ba8 Ke7
54. b7 Nb8 55. Rh1 Rf6+ 56. Ke4 Rxf2 57. Rh8 Rf8 58. Rh1 Kd6 59. Rc1 Kd7 60. Ke5
Nc6+ 61. Kd5 Rf5+ 62. Ke4 Re5+ 63. Kf4 Re8 64. Rh1 Kc7 65. Rh7 Rg8 66. Kg5 Kb8
67. Kg6 Nd8 68. Kf5 Nxb7 69. Bxb7 Kxb7 70. Kg6 Kc6 71. Kf5 g6+ 72. Kg5 Kd6 73.
Ra7 Kc5 74. Rd7 Kc6 75. Rd1 Kc5 76. Rf1 {Game drawn by mutual agreement} 1/2-1/2

[Event "Team 45 45 League T36"]
[Site "Internet Chess Club"]
[Date "2008.03.15"]
[Round "8"]
[White "az2112"]
[Black "Qualm"]
[Result "1-0"]
[WhiteElo "1722"]
[BlackElo "1774"]
[Opening "Sicilian"]
[ECO "B54"]
[Time "12:56:51"]
[TimeControl "2700+45"]

1. d4 c5 2. e4 cxd4 3. Nf3 d6 4. Nxd4 a6 5. c4 Nf6 6. Nc3 e6 7. Be2 Be7 8. O-O
O-O 9. f4 b6 10. Be3 Bb7 11. Bf3 Nbd7 12. e5 Bxf3 13. Qxf3 Ne8 14. Nc6 {Black
resigns} 1-0

[Event "Team 45 45 League T36"]
[Site "Internet Chess Club"]
[Date "2008.03.14"]
[Round "8"]
[White "ZombieKnight"]
[Black "Chess2Play"]
[Result "0-1"]
[WhiteElo "1607"]
[BlackElo "1622"]
[Opening "Sicilian defense"]
[ECO "B20"]
[Time "20:59:10"]
[TimeControl "2700+45"]

1. e4 c5 2. Na3 Nc6 3. f4 g6 4. g3 d6 5. Bg2 Bg7 6. c3 e5 7. d3 Be6 8. Nf3 Nge7
9. Nc2 Qb6 10. b3 exf4 11. Bd2 fxg3 12. hxg3 Bg4 13. Ne3 Bxf3 14. Qxf3 Ne5 15.
Qe2 Qa6 16. Bf1 O-O-O 17. Ng4 f5 18. Nh6 fxe4 19. Qxe4 Qc6 20. Qxc6+ N7xc6 21.
Bf4 Nf3+ 22. Kf2 Nfe5 23. Bh3+ Kc7 24. Rad1 Rhf8 25. Kg2 b5 26. Be6 b4 27. c4
Nd4 28. Bd5 Ne2 29. Bg5 Rd7 30. Be6 Nc3 31. Rdf1 Rxf1 32. Rxf1 Bxh6 33. Bxh6 Re7
34. Bg8 Nxd3 35. Bf8 Re2+ 36. Kh3 Rf2 37. Rxf2 Nxf2+ 38. Kg2 Nfe4 39. Bxh7 g5
40. Bg7 Kc6 41. Kf3 d5 42. cxd5+ Kxd5 43. Bxc3 Nxc3 44. Kg4 Nxa2 45. Kxg5 Ke5
46. Bg8 Nc3 47. g4 a5 48. Kh6 a4 49. bxa4 Nxa4 50. g5 Nb6 51. g6 Nd7 52. Bf7 Kf5
53. g7 Nf6 54. Bg6+ Ke6 55. Kg5 b3 56. Bf5+ Kf7 57. g8=Q+ Nxg8 58. Kf4 Kf6 59.
Bd3 Ne7 60. Ke3 Ke5 61. Kd2 Kd4 62. Bb1 Nd5 63. Bh7 Nb4 64. Bb1 c4 65. Kc1 Kc3
66. Bh7 Nd3+ 67. Kb1 Kd2 68. Bg8 Kc3 69. Bh7 Nc5 70. Bg8 Kd3 71. Bh7+ Kd2 72.
Bg8 c3 73. Bc4 c2+ 74. Ka1 c1=Q# {White checkmated} 0-1

[Event "Team 45 45 League T36"]
[Site "Internet Chess Club"]
[Date "2008.03.16"]
[Round "8"]
[White "NaoXidnan"]
[Black "crazynights"]
[Result "0-1"]
[WhiteElo "1603"]
[BlackElo "1578"]
[Opening "QGD Slav: Slav gambit"]
[ECO "D15"]
[Time "15:02:57"]
[TimeControl "2700+45"]

1. d4 d5 2. c4 dxc4 3. Nf3 Nf6 4. Nc3 c6 5. e4 b5 6. a4 b4 7. Na2 Nxe4 8. Bxc4
Nd6 9. Bb3 e6 10. O-O a5 11. Bg5 Be7 12. Bxe7 Qxe7 13. Ne5 O-O 14. Qf3 Bb7 15.
Qd3 Ba6 16. Bc4 Nxc4 17. Nxc4 Rd8 18. b3 c5 19. Rfd1 Rxd4 20. Qe3 Rxd1+ 21. Rxd1
Bxc4 22. bxc4 Nc6 23. Nc1 Rd8 24. Rxd8+ Qxd8 25. Qe2 h6 26. Nb3 Nd4 27. Qd3 Qc7
28. Nxd4 Qd6 29. Qe4 Qxd4 30. Qa8+ Kh7 31. g3 b3 {White resigns} 0-1

[Event "Team 45 45 League T36"]
[Site "Internet Chess Club"]
[Date "2008.03.14"]
[Round "8"]
[White "EyeAm"]
[Black "Toalla"]
[Result "1-0"]
[WhiteElo "1408"]
[BlackElo "1239"]
[Opening "Sicilian defense"]
[ECO "B20"]
[Time "13:07:59"]
[TimeControl "2700+45"]

1. e4 c5 2. c4 Nf6 3. e5 Ne4 4. d3 Qa5+ 5. Ke2 Nxf2 6. Kxf2 Nc6 7. Nf3 d6 8. Bf4
Bg4 9. Be2 O-O-O 10. exd6 f6 11. dxe7 Bxe7 12. Nc3 g5 13. Bd2 Ne5 14. Nxe5 Bxe2
15. Qxe2 fxe5 16. Nd5 Rhf8+ 17. Ke1 {Black resigns} 1-0

[Event "Team 45 45 League T36"]
[Site "Internet Chess Club"]
[Date "2008.03.16"]
[Round "8"]
[White "Mutaant"]
[Black "houseofcook"]
[Result "1/2-1/2"]
[WhiteElo "1411"]
[BlackElo "1478"]
[Opening "French defense"]
[ECO "C00"]
[Time "11:58:21"]
[TimeControl "2700+45"]

1. e4 e6 2. Bc4 c5 3. Nc3 Nc6 4. Qf3 Be7 5. Nge2 Nf6 6. Qg3 O-O 7. d3 Nh5 8. Qg4
Nf6 9. Qg3 Nh5 10. Qg4 Nf6 11. Qg3 {Game drawn by repetition} 1/2-1/2

[Event "Team 45 45 League T36"]
[Site "Internet Chess Club"]
[Date "2008.03.15"]
[Round "8"]
[White "Rubacchus"]
[Black "moreffee"]
[Result "0-1"]
[WhiteElo "1357"]
[BlackElo "1380"]
[Opening "Réti opening"]
[ECO "A06"]
[Time "18:01:58"]
[TimeControl "2700+45"]

1. Nf3 d5 2. e3 c5 3. d4 Nc6 4. c4 Nf6 5. Nc3 Bg4 6. Be2 e6 7. O-O Be7 8. Re1
O-O 9. cxd5 Nxd5 10. e4 Bxf3 11. exd5 Bxe2 12. Rxe2 Nxd4 13. Re1 exd5 14. Re5
Re8 15. Nxd5 Bd6 16. Rxe8+ Qxe8 17. Be3 Qe5 18. Bxd4 cxd4 19. Qf3 Qxh2+ 20. Kf1
Qh1+ 21. Ke2 Qxa1 22. Qg4 Qxb2+ 23. Kd3 Qb1+ 24. Ke2 Re8+ 25. Kf3 Qd1# {White
checkmated} 0-1

[Event "Team 45 45 League T36"]
[Site "Internet Chess Club"]
[Date "2008.03.17"]
[Round "8"]
[White "knight2f3"]
[Black "rshea11"]
[Result "1-0"]
[WhiteElo "1415"]
[BlackElo "1326"]
[Opening "Queen's pawn game, Chigorin variation"]
[ECO "D02"]
[Time "14:58:47"]
[TimeControl "2700+45"]

1. d4 d5 2. Nf3 Nc6 3. e3 Bf5 4. Bd3 e6 5. O-O Bd6 6. b3 Nge7 7. c4 Bxd3 8. Qxd3
Nb4 9. Qd2 Rc8 10. c5 Bxc5 11. dxc5 Nec6 12. a3 Na6 13. b4 Ne7 14. Bb2 O-O 15.
Ng5 b6 16. Qd3 Nf5 17. Nxe6 fxe6 18. Qxa6 Ra8 19. Nd2 Qg5 20. Nf3 Qh5 21. Qd3
Rf7 22. e4 Nh4 23. Nxh4 Qxh4 24. exd5 Raf8 25. Qd4 Qg5 26. dxe6 Rf4 27. Qe3 Qg6
28. e7 Re4 29. exf8=Q+ Kxf8 30. Qg3 Rg4 31. Qf3+ Kg8 32. Qd5+ Kf8 33. Qd8+ Kf7
34. Qxc7+ Kf8 35. Qb8+ Kf7 36. Qxa7+ Kf8 37. Qa8+ Kf7 38. h3 Re4 39. Qb7+ Re7
40. Qf3+ Kg8 41. c6 Qc2 42. Qc3 Qxc3 43. Bxc3 b5 44. Rac1 Rc7 45. Be5 Rc8 46. c7
Kf7 47. Rfd1 Ke7 48. Bh2 Ke6 49. Rd8 Rxc7 50. Rxc7 g5 51. Rdd7 Kf5 52. Rxh7 g4
53. h4 g3 54. Bxg3 Kg4 55. h5 Kg5 56. h6 Kg6 57. Rhd7 Kxh6 58. Rd5 Kg6 59. Rc6+
Kf7 60. Rd7+ Ke8 61. Ra7 Kd8 62. Rh6 Kc8 63. Rh8# {Black checkmated} 1-0

[Event "Team 45 45 League T36"]
[Site "Internet Chess Club"]
[Date "2008.03.14"]
[Round "8"]
[White "merecat"]
[Black "AlPearson"]
[Result "1-0"]
[WhiteElo "1345"]
[BlackElo "1417"]
[Opening "Grünfeld: Three knights variation"]
[ECO "D90"]
[Time "15:05:27"]
[TimeControl "2700+45"]

1. d4 Nf6 2. c4 g6 3. Nc3 Bg7 4. Nf3 d5 5. h3 O-O 6. e3 Nc6 7. a3 Re8 8. Be2
dxc4 9. Bxc4 a6 10. O-O b5 11. Be2 Bb7 12. Qc2 e5 13. dxe5 Nxe5 14. Rd1 Qe7 15.
e4 Rad8 16. Rxd8 Rxd8 17. Bg5 h6 18. Be3 Kh7 19. Rd1 Nxf3+ 20. Bxf3 Rxd1+ 21.
Qxd1 Nxe4 22. Bd4 Nxc3 23. bxc3 Bxf3 24. Qxf3 Qxa3 25. Qxf7 Qf8 26. Qxc7 Kg8 27.
Qb6 Bxd4 28. cxd4 Qg7 29. Qe6+ Qf7 30. Qxa6 b4 31. Qa8+ Kg7 32. d5 Qd7 33. Qa1+
Kf7 34. Qd4 b3 35. Qf4+ Qf5 36. Qc7+ Ke8 37. Qb8+ Kd7 38. Qxb3 Kd6 39. g4 Qxd5
40. Qxd5+ Kxd5 41. Kg2 Ke4 42. Kg3 g5 43. h4 Ke5 44. h5 Ke4 45. f3+ Ke5 46. Kf2
Kf4 47. Kg2 Ke5 48. Kg3 Ke6 49. Kf2 Ke5 50. Ke3 Ke6 51. Ke4 Kf6 52. f4 Kg7 53.
f5 Kf6 54. Kd5 Ke7 55. Ke5 Kf7 56. f6 Kf8 57. Kf5 Kf7 58. Ke5 Kf8 59. Ke6 Ke8
60. Kf5 Kf7 61. Ke5 Ke8 62. Ke6 Kf8 63. f7 Kg7 64. Ke7 Kh7 65. f8=N+ Kg7 66.
Ne6+ Kg8 67. Kf6 Kh7 68. Nd8 Kg8 69. Kg6 Kh8 70. Kxh6 Kg8 71. Kg6 Kh8 72. Kxg5
Kg7 73. Ne6+ Kh7 74. Nf4 Kg7 75. h6+ Kh7 76. Kh5 Kh8 77. g5 Kg8 78. g6 Kh8 79.
Ne6 Kg8 80. Ng5 Kh8 81. Nf7+ Kg8 82. h7+ Kg7 83. h8=Q# {Black checkmated} 1-0

[Event "Team 45 45 League T36"]
[Site "Internet Chess Club"]
[Date "2008.03.15"]
[Round "8"]
[White "t-hobbes"]
[Black "katabatico"]
[Result "0-1"]
[WhiteElo "1320"]
[BlackElo "1317"]
[Opening "Queen's gambit accepted"]
[ECO "D20"]
[Time "15:01:04"]
[TimeControl "2700+45"]

1. d4 d5 2. c4 dxc4 3. e3 e6 4. Bxc4 c5 5. Nf3 a6 6. O-O b5 7. Be2 Nf6 8. Ne5
Bb7 9. Bf3 Ne4 10. Bh5 g6 11. Bg4 Nc6 12. Nxf7 Kxf7 13. Qf3+ Nf6 14. Nc3 cxd4
15. Ne4 h6 16. Rd1 Ne5 17. Ng5+ hxg5 18. Qxb7+ Be7 19. Rxd4 Qf8 20. Be2 g4 21.
b3 Qh6 22. f4 Qxh2+ 23. Kf1 Qh1+ 24. Kf2 g3+ 25. Kxg3 Qh4# {White checkmated}
0-1